General information
- name: BNet
- type: Ladder team game (AT/RT)
- host: Battle.net
- saver: Palingenesis
map: FullScaleAssault
- players: 8
- length: 28:51
- speed: Fast
- version: 1.26 W3XP
- replay type: Public
» download(208 KB)
Players
team 1 (loser)
maggotkoke (
red | 47 APM | 1294 actions | 27:26)
5 Pandaren Brewmaster
3 Breath of Fire
2 Drunken Haze
3 Keeper of the Grove
2 Entangling Roots
1 Force of Nature
» actions
| Build / train | 70 | |
| Enter build submenu | 21 | |
| Enter hero's abilities submenu | 8 | |
| Give item / drop item | 2 | |
| Remove unit from queue | 1 | |
| Right click | 722 | |
| Select / deselect | 410 | |
| Use ability | 57 | |
1294 total
» units
| Wisp | 17 | |
| Archer | 11 | |
| Goblin Shredder | 1 | |
| Hippogryph | 4 | |
| Chimaera | 5 | |
| Dryad | 12 | |
| Goblin Zeppelin | 2 | |
52 total
» upgrades
| Strength of the Wild | 1 | |
| Reinforced Hides | 1 | |
2 total
» buildings
| Altar of Elders | 1 | |
| Moon Well | 6 | |
| Ancient of War | 1 | |
| Tree of Ages | 1 | |
| Tree of Eternity | 1 | |
| Ancient of Wind | 1 | |
| Hunter's Hall | 1 | |
| Tree of Life | 2 | |
| Chimaera Roost | 3 | |
| Ancient of Wonders | 1 | |
| Ancient of Lore | 2 | |
20 total
» build order
00:21 Altar of Elders
00:36 Moon Well
00:55 Ancient of War
01:52 Moon Well
02:45 Tree of Ages
03:47 Moon Well
05:06 Moon Well
05:43 Tree of Eternity
05:47 Ancient of Wind
05:53 Hunter's Hall
07:13 Tree of Life
07:28 Moon Well
08:25 Moon Well
09:18 Chimaera Roost
09:21 Chimaera Roost
09:25 Chimaera Roost
13:34 Ancient of Wonders
13:57 Ancient of Lore
14:00 Ancient of Lore
18:01 Tree of Life
» items
| Scroll of Town Portal | 2 | |
| Orb of Lightning | 1 | |
3 total
Palingenesis (
purple | 114 APM | 3290 actions | 28:51)
6 Goblin Tinker
3 Pocket Factory
2 Engineering Upgrade
1 Robo-Goblin
» actions
| Assign group hotkey | 179 | |
| Basic commands | 187 | |
| Build / train | 162 | |
| ESC pressed | 14 | |
| Enter build submenu | 52 | |
| Enter hero's abilities submenu | 6 | |
| Give item / drop item | 9 | |
| Right click | 1105 | |
| Select / deselect | 324 | |
| Select group hotkey | 1028 | |
| Use ability | 224 | |
3290 total
» units
| Peasant | 26 | |
| Footman | 4 | |
| Goblin Sapper | 4 | |
| Goblin Zeppelin | 5 | |
| Goblin Shredder | 7 | |
| Gryphon Rider | 5 | |
| Dragonhawk Rider | 4 | |
| Blue Dragon | 4 | |
59 total
» upgrades
| Swords | 3 | |
| Masonry | 3 | |
| Armor | 3 | |
| Animal War Training | 1 | |
| Storm Hammers | 1 | |
| Cloud | 1 | |
12 total
» buildings
| Altar of Kings | 1 | |
| Barracks | 1 | |
| Farm | 11 | |
| Arcane Vault | 1 | |
| Lumber Mill | 1 | |
| Town Hall | 2 | |
| Keep | 5 | |
| Blacksmith | 1 | |
| Scout Tower | 38 | |
| Guard Tower | 37 | |
| Castle | 6 | |
| Gryphon Aviary | 6 | |
110 total
» build order
00:52 Altar of Kings
00:55 Barracks
00:56 Farm
01:06 Farm
01:15 Farm
02:03 Arcane Vault
02:25 Farm
02:50 Lumber Mill
03:55 Town Hall
04:49 Keep
04:50 Keep
04:50 Keep
04:50 Keep
05:47 Blacksmith
05:53 Scout Tower
05:53 Scout Tower
05:54 Scout Tower
05:55 Scout Tower
05:56 Scout Tower
06:59 Farm
07:04 Guard Tower
07:04 Guard Tower
07:05 Guard Tower
07:49 Castle
07:49 Castle
07:49 Castle
07:49 Castle
08:40 Gryphon Aviary
08:41 Gryphon Aviary
11:58 Town Hall
12:01 Scout Tower
12:02 Scout Tower
12:03 Scout Tower
12:04 Scout Tower
12:06 Scout Tower
12:07 Scout Tower
12:08 Scout Tower
12:08 Scout Tower
12:16 Scout Tower
12:17 Scout Tower
12:18 Scout Tower
12:18 Scout Tower
12:19 Scout Tower
12:20 Scout Tower
12:21 Scout Tower
12:44 Guard Tower
12:44 Guard Tower
13:01 Scout Tower
13:01 Scout Tower
13:02 Scout Tower
13:03 Scout Tower
13:04 Scout Tower
13:07 Guard Tower
13:27 Guard Tower
13:28 Guard Tower
13:28 Guard Tower
13:28 Guard Tower
13:29 Guard Tower
14:43 Guard Tower
14:50 Guard Tower
15:22 Guard Tower
15:22 Guard Tower
16:10 Gryphon Aviary
16:12 Gryphon Aviary
16:13 Gryphon Aviary
16:14 Gryphon Aviary
20:53 Scout Tower
20:53 Scout Tower
20:53 Scout Tower
20:55 Scout Tower
20:59 Scout Tower
21:01 Scout Tower
21:08 Scout Tower
21:09 Scout Tower
21:09 Scout Tower
21:10 Scout Tower
21:12 Scout Tower
21:13 Scout Tower
21:15 Scout Tower
21:33 Guard Tower
21:33 Guard Tower
21:34 Guard Tower
21:34 Guard Tower
21:54 Guard Tower
21:55 Guard Tower
21:55 Guard Tower
22:12 Farm
22:14 Farm
22:16 Farm
22:18 Farm
22:21 Guard Tower
22:21 Guard Tower
22:29 Guard Tower
22:29 Guard Tower
22:29 Guard Tower
25:01 Guard Tower
25:01 Guard Tower
27:50 Farm
28:00 Farm
» items
| Boots of Speed | 1 | |
| Scroll of Regeneration | 3 | |
| Mechanical Critter | 1 | |
| Staff of Teleportation | 1 | |
| Periapt of Vitality | 1 | |
| Lesser Clarity Potion | 1 | |
| Scroll of Town Portal | 1 | |
9 total
mullen (
yellow | 75 APM | 1962 actions | 26:15)
4 Blademaster
2 Wind Walk
1 Critical Strike
1 Mirror Image
3 Shadow Hunter
2 Healing Wave
1 Hex
» actions
| Assign group hotkey | 9 | |
| Build / train | 88 | |
| Enter build submenu | 33 | |
| Enter hero's abilities submenu | 7 | |
| Give item / drop item | 1 | |
| Remove unit from queue | 2 | |
| Right click | 1269 | |
| Select / deselect | 366 | |
| Select group hotkey | 119 | |
| Use ability | 68 | |
1962 total
» units
| Peon | 22 | |
| Grunt | 1 | |
| Troll Headhunter/Berserker | 36 | |
| Makrura Snapper | 1 | |
60 total
» upgrades
| Ranged Weapons | 3 | |
| Armor | 3 | |
| Berserker Upgrade | 1 | |
| Troll Regeneration | 1 | |
| Reinforced Defenses | 1 | |
| Backpack | 1 | |
10 total
» buildings
| Altar of Storms | 1 | |
| Orc Burrow | 12 | |
| Barracks | 2 | |
| War Mill | 1 | |
| Voodoo Lounge | 2 | |
| Stronghold | 2 | |
| Watch Tower | 8 | |
| Great Hall | 1 | |
| Fortress | 1 | |
30 total
» build order
00:06 Altar of Storms
00:09 Orc Burrow
00:47 Barracks
01:29 Orc Burrow
01:51 War Mill
02:06 Voodoo Lounge
02:40 Orc Burrow
03:59 Stronghold
04:22 Watch Tower
04:38 Orc Burrow
06:22 Great Hall
08:27 Fortress
08:42 Orc Burrow
11:18 Barracks
12:43 Orc Burrow
14:21 Watch Tower
15:38 Orc Burrow
15:43 Watch Tower
18:25 Orc Burrow
22:05 Stronghold
22:11 Watch Tower
22:13 Watch Tower
22:18 Watch Tower
22:22 Watch Tower
23:53 Watch Tower
24:00 Orc Burrow
25:17 Orc Burrow
25:18 Orc Burrow
25:22 Voodoo Lounge
25:23 Orc Burrow
» items
| Boots of Speed | 1 | |
| Circlet of Nobility | 1 | |
| Orb of Lightning | 1 | |
3 total
Surg3on (
pink | 41 APM | 1087 actions | 26:31)
5 Archmage
1 Summon Water Elemental
2 Brilliance Aura
2 Blizzard
» actions
| Assign group hotkey | 25 | |
| Basic commands | 1 | |
| Build / train | 93 | |
| Enter build submenu | 30 | |
| Enter hero's abilities submenu | 5 | |
| Right click | 371 | |
| Select / deselect | 270 | |
| Select group hotkey | 217 | |
| Use ability | 75 | |
1087 total
» units
| Peasant | 14 | |
| Footman | 2 | |
| Rifleman | 14 | |
| Priest | 7 | |
| Gryphon Rider | 8 | |
| Goblin Zeppelin | 1 | |
46 total
» upgrades
| Gunpowder | 3 | |
| Armor | 3 | |
| Long Rifles | 1 | |
| Animal War Training | 1 | |
| Swords | 3 | |
| Storm Hammers | 1 | |
| Masonry | 2 | |
| Lumber Harvesting | 2 | |
| Priest Training | 1 | |
17 total
» buildings
| Altar of Kings | 1 | |
| Farm | 13 | |
| Barracks | 1 | |
| Lumber Mill | 1 | |
| Scout Tower | 25 | |
| Guard Tower | 20 | |
| Blacksmith | 1 | |
| Arcane Vault | 1 | |
| Town Hall | 1 | |
| Keep | 1 | |
| Arcane Sanctum | 1 | |
| Castle | 1 | |
| Gryphon Aviary | 2 | |
69 total
» build order
00:20 Altar of Kings
00:32 Farm
00:36 Farm
00:45 Barracks
01:12 Lumber Mill
01:48 Scout Tower
02:18 Guard Tower
02:26 Blacksmith
02:56 Farm
03:13 Farm
03:25 Farm
04:15 Scout Tower
04:58 Guard Tower
05:03 Arcane Vault
06:39 Town Hall
06:45 Keep
07:01 Farm
07:19 Scout Tower
07:19 Scout Tower
07:21 Scout Tower
07:23 Scout Tower
07:52 Farm
07:53 Farm
07:56 Scout Tower
08:02 Guard Tower
08:12 Guard Tower
08:18 Scout Tower
08:19 Scout Tower
08:21 Scout Tower
08:57 Guard Tower
09:39 Guard Tower
09:44 Arcane Sanctum
09:46 Castle
09:52 Farm
09:54 Farm
11:12 Gryphon Aviary
11:14 Gryphon Aviary
11:24 Guard Tower
11:25 Guard Tower
11:34 Farm
11:38 Scout Tower
13:11 Guard Tower
13:16 Farm
14:35 Farm
14:37 Scout Tower
14:41 Guard Tower
14:42 Guard Tower
15:04 Scout Tower
15:06 Scout Tower
15:07 Scout Tower
15:42 Guard Tower
15:53 Scout Tower
15:54 Scout Tower
16:02 Scout Tower
16:04 Scout Tower
17:59 Guard Tower
18:01 Guard Tower
18:01 Guard Tower
18:02 Guard Tower
18:09 Guard Tower
18:11 Guard Tower
18:28 Scout Tower
18:28 Scout Tower
18:28 Scout Tower
19:16 Scout Tower
19:18 Scout Tower
19:19 Scout Tower
20:28 Guard Tower
21:01 Guard Tower
» items
team 2 (winner)

»
Tiger13ait (
teal | 20 APM | 237 actions | 11:39)
2 Death Knight
1 Death Coil
1 Unholy Aura
» actions
| Build / train | 22 | |
| Enter build submenu | 12 | |
| Enter hero's abilities submenu | 2 | |
| Right click | 98 | |
| Select / deselect | 87 | |
| Use ability | 16 | |
237 total
» units
» upgrades
| Creature Attack | 1 | |
| Creature Carapace | 1 | |
2 total
» buildings
| Crypt | 2 | |
| Ziggurat | 4 | |
| Altar of Darkness | 1 | |
| Graveyard | 1 | |
| Nerubian Tower | 2 | |
| Spirit Tower | 1 | |
| Halls of the Dead | 1 | |
| Black Citadel | 1 | |
| Necropolis | 1 | |
| Sacrificial Pit | 1 | |
15 total
» build order
00:09 Crypt
00:14 Crypt
00:19 Ziggurat
01:15 Altar of Darkness
01:31 Graveyard
02:36 Ziggurat
02:57 Ziggurat
03:07 Ziggurat
03:16 Nerubian Tower
04:03 Spirit Tower
04:50 Nerubian Tower
05:42 Halls of the Dead
08:03 Black Citadel
08:40 Necropolis
08:50 Sacrificial Pit
mewme (
orange | 44 APM | 950 actions | 21:47)
2 Mountain King
1 Storm Bolt
1 Bash
1 Paladin
1 Divine Shield
1 Lich
1 Frost Nova
» actions
| Basic commands | 10 | |
| Build / train | 81 | |
| Enter build submenu | 20 | |
| Enter hero's abilities submenu | 4 | |
| Right click | 526 | |
| Select / deselect | 265 | |
| Use ability | 44 | |
950 total
» units
| Peasant | 41 | |
| Flying Machine | 17 | |
58 total
» upgrades
| Masonry | 1 | |
| Gunpowder | 2 | |
| Plating | 1 | |
| Flak Cannons | 1 | |
| Flying Machine Bombs | 1 | |
6 total
» buildings
| Altar of Kings | 1 | |
| Farm | 4 | |
| Scout Tower | 5 | |
| Town Hall | 2 | |
| Lumber Mill | 1 | |
| Guard Tower | 3 | |
| Keep | 1 | |
| Blacksmith | 1 | |
| Arcane Vault | 1 | |
| Castle | 1 | |
| Workshop | 6 | |
26 total
» build order
00:05 Altar of Kings
00:16 Farm
01:31 Farm
04:22 Scout Tower
05:06 Town Hall
05:12 Scout Tower
05:15 Scout Tower
05:18 Scout Tower
06:45 Lumber Mill
08:36 Guard Tower
08:40 Scout Tower
08:49 Guard Tower
10:18 Keep
10:24 Blacksmith
10:40 Arcane Vault
10:53 Farm
10:59 Farm
11:12 Guard Tower
12:45 Castle
12:51 Workshop
12:54 Workshop
12:59 Workshop
13:02 Workshop
13:08 Workshop
13:12 Workshop
20:23 Town Hall
» items
| Potion of Healing | 2 | |
| Scroll of Regeneration | 1 | |
| Scroll of Town Portal | 1 | |
| Orb of Fire | 1 | |
| Potion of Mana | 1 | |
6 total
stick-of_truth (
blue | 72 APM | 2092 actions | 28:51)
8 Firelord
3 Summon Lava Spawn
3 Soul Burn
1 Volcano
1 Incinerate
1 Death Knight
1 Death Coil
» actions
| Assign group hotkey | 39 | |
| Basic commands | 4 | |
| Build / train | 70 | |
| Enter build submenu | 23 | |
| Enter hero's abilities submenu | 9 | |
| Give item / drop item | 1 | |
| Remove unit from queue | 2 | |
| Right click | 940 | |
| Select / deselect | 230 | |
| Select group hotkey | 665 | |
| Use ability | 109 | |
2092 total
» units
| Peasant | 11 | |
| Dragonhawk Rider | 12 | |
| Goblin Zeppelin | 2 | |
| Acolyte | 1 | |
| Frost Wyrm | 2 | |
28 total
» upgrades
| Lumber Harvesting | 2 | |
| Masonry | 3 | |
| Cloud | 1 | |
6 total
» buildings
| Altar of Kings | 1 | |
| Farm | 11 | |
| Scout Tower | 18 | |
| Lumber Mill | 1 | |
| Arcane Tower | 1 | |
| Keep | 3 | |
| Arcane Vault | 1 | |
| Guard Tower | 8 | |
| Gryphon Aviary | 4 | |
| Castle | 1 | |
| Town Hall | 1 | |
| Boneyard | 2 | |
52 total
» build order
00:14 Altar of Kings
00:21 Farm
01:09 Scout Tower
01:16 Farm
01:42 Lumber Mill
01:52 Arcane Tower
02:26 Keep
02:27 Keep
02:48 Scout Tower
02:49 Scout Tower
02:49 Scout Tower
02:50 Scout Tower
03:20 Arcane Vault
03:47 Guard Tower
04:24 Farm
04:26 Farm
04:34 Farm
05:13 Gryphon Aviary
05:35 Gryphon Aviary
06:20 Gryphon Aviary
06:28 Castle
07:45 Farm
07:55 Gryphon Aviary
10:19 Scout Tower
10:20 Scout Tower
10:20 Scout Tower
10:20 Scout Tower
10:41 Town Hall
10:57 Guard Tower
11:01 Scout Tower
11:01 Scout Tower
11:02 Scout Tower
11:02 Scout Tower
11:28 Guard Tower
11:42 Guard Tower
11:43 Guard Tower
12:04 Boneyard
12:06 Boneyard
12:50 Guard Tower
14:10 Scout Tower
14:10 Scout Tower
14:10 Scout Tower
14:15 Scout Tower
14:15 Scout Tower
14:37 Farm
14:37 Farm
14:37 Farm
14:38 Farm
14:38 Farm
14:59 Guard Tower
17:40 Guard Tower
17:42 Keep
» items
| Scroll of Regeneration | 4 | |
| Lesser Clarity Potion | 2 | |
| Scroll of Town Portal | 4 | |
| Potion of Healing | 1 | |
11 total
SSWerwolf (
green | 58 APM | 1668 actions | 28:51)
10 Archmage
3 Summon Water Elemental
3 Brilliance Aura
1 Mass Teleport
3 Blizzard
» actions
| Assign group hotkey | 51 | |
| Basic commands | 57 | |
| Build / train | 73 | |
| Enter build submenu | 41 | |
| Enter hero's abilities submenu | 10 | |
| Give item / drop item | 6 | |
| Remove unit from queue | 1 | |
| Right click | 760 | |
| Select / deselect | 333 | |
| Select group hotkey | 212 | |
| Use ability | 124 | |
1668 total
» units
| Peasant | 12 | |
| Footman | 5 | |
| Goblin Shredder | 1 | |
| Goblin Zeppelin | 1 | |
| Dragonhawk Rider | 12 | |
| Goblin Sapper | 2 | |
| Gryphon Rider | 4 | |
37 total
» upgrades
| Masonry | 3 | |
| Swords | 3 | |
| Armor | 3 | |
| Animal War Training | 1 | |
| Storm Hammers | 1 | |
| Cloud | 1 | |
12 total
» buildings
| Altar of Kings | 1 | |
| Barracks | 1 | |
| Farm | 9 | |
| Keep | 1 | |
| Lumber Mill | 1 | |
| Arcane Vault | 2 | |
| Town Hall | 3 | |
| Scout Tower | 19 | |
| Guard Tower | 4 | |
| Castle | 1 | |
| Gryphon Aviary | 4 | |
| Blacksmith | 2 | |
| Arcane Sanctum | 1 | |
49 total
» build order
00:38 Altar of Kings
00:40 Barracks
00:51 Farm
00:52 Farm
01:05 Farm
01:36 Farm
03:39 Keep
03:58 Lumber Mill
03:59 Arcane Vault
04:40 Town Hall
04:44 Scout Tower
04:45 Scout Tower
04:46 Scout Tower
04:48 Scout Tower
06:13 Guard Tower
06:25 Castle
06:34 Farm
07:39 Gryphon Aviary
07:40 Gryphon Aviary
07:43 Gryphon Aviary
07:55 Gryphon Aviary
08:03 Blacksmith
08:05 Blacksmith
10:30 Town Hall
10:34 Scout Tower
10:34 Scout Tower
10:35 Scout Tower
10:36 Scout Tower
10:39 Scout Tower
10:40 Scout Tower
10:41 Scout Tower
10:41 Scout Tower
10:42 Scout Tower
10:42 Scout Tower
11:07 Guard Tower
11:38 Farm
11:39 Farm
11:41 Farm
11:42 Farm
11:56 Scout Tower
11:59 Scout Tower
12:01 Scout Tower
12:03 Scout Tower
12:05 Scout Tower
12:30 Guard Tower
13:39 Guard Tower
14:09 Arcane Vault
21:15 Arcane Sanctum
23:56 Town Hall
» items
| Scroll of Regeneration | 4 | |
| Mechanical Critter | 2 | |
6 total
Chat log
(00:07 / All) stick-of_truth: wuts a canker sore
(00:08 / All) SSWerwolf: Canker sores suck
(00:20 / All) SSWerwolf: CAnker sores are mouth ulcers
(00:20 / All) Palingenesis: Teal is a canker sore
(00:31 / All) Palingenesis: A real nasty one
(00:33 / All) Palingenesis: a bitch to deal with
(00:52 / All) stick-of_truth: omeone pick a tavern hero for me
(00:59 / All) Palingenesis: FIRELORD!
(01:03 / All) mewme: so are anal hemroids
(01:09 / All) maggotkoke: i was thinking alcmest
(01:12 / All) SSWerwolf: Firelord Ozai
(01:48 / All) Palingenesis: Actually beastmaster I say
(01:51 / All) Palingenesis: no one goes that
(01:58 / All) stick-of_truth: his ult sucks tho
(02:01 / All) maggotkoke: he so good
(03:20 / All) SSWerwolf: Orange is a moron
(03:34 / All) stick-of_truth: leave him alone jerk!
(03:45 / All) SSWerwolf: Absolutely despise you orange
(03:47 / All) mewme: didnt know he had an anal problem
(03:55 / All) mewme: sorry for my comments
(04:09 / Allies) maggotkoke: units?
(05:49 / Allies) maggotkoke: hipp chim
(06:03 / Allies) mullen: mass hh
(06:23 / All) Palingenesis: ne taking a shredder lol
(06:26 / All) Palingenesis: red is trash
(06:33 / Allies) maggotkoke: yea
(06:35 / Allies) maggotkoke: fast tech
(06:43 / All) Palingenesis: yeah and you're fucking ne you should never need one
(06:51 / All) mewme: dont take the game too seriously
(06:51 / All) SSWerwolf: I hate faggots like orange that rush to take the "better" expo
(06:53 / All) mewme: it is just that
(06:56 / All) SSWerwolf: when they can't even fucking creep it
(07:02 / All) SSWerwolf: just so the other person won't take it
(07:04 / All) maggotkoke: yea purps right
(07:06 / All) mewme: ty feeds
(08:23 / All) Palingenesis: red's shitty chimbot ass takes all the items too
(08:30 / All) Palingenesis: and insisgts on fucking creeping with me
(08:33 / All) mewme: fiesty
(08:43 / All) maggotkoke: i creeped there first
(08:44 / All) maggotkoke: dick
(08:46 / All) mewme: fight fight fight
(08:47 / All) Palingenesis: shut the fuck up
(08:52 / All) maggotkoke: your a faggot
(08:56 / All) Palingenesis: shut the fuck up
(11:02 / Allies) mullen: lets wipe that pink
(11:30 / All) maggotkoke: whats your alt acc purp
(11:33 / All) maggotkoke: im sure you suck
(11:40 / All) Palingenesis: shut the fuck up and don't speak to me unless spoken to you insufferable faggot
(11:51 / All) maggotkoke: one of those
(11:51 / All) SSWerwolf: Orange morons and teal a pussy
(12:04 / All) maggotkoke: purps an asshole
(12:09 / All) maggotkoke: if it meands anythign to you guys
(12:12 / All) Palingenesis: and you're a dumbass and complete shit
(12:14 / All) Palingenesis: so shut the fuck up
(12:23 / All) maggotkoke: you got me
(12:26 / All) Palingenesis: go shit on their side of the map faggot
(12:27 / All) Palingenesis: and shut up
(15:06 / Allies) mullen: anyone got extra wood
(15:14 / Allies) Palingenesis: not for you
(15:38 / All) stick-of_truth: y run
(16:59 / All) Palingenesis: the chimbot falls
(17:13 / All) maggotkoke: all aa
(17:22 / All) maggotkoke: and hes hasnt killed any chims
(18:44 / All) SSWerwolf: who is using teal
(18:48 / All) SSWerwolf: You're fucking garbage
(18:57 / All) SSWerwolf: I tried to coil the hurt wyrm and pull it back
(19:03 / All) SSWerwolf: coils something else and keeps using it
(19:57 / All) SSWerwolf: gtfo orange
(21:36 / All) mewme: i freeze u
(21:40 / All) mewme: yes
(21:47 / All) SSWerwolf: lawl
(21:47 / All) Palingenesis: lol
(21:52 / All) Palingenesis: wonder if it's the dumbass chimbot
(21:53 / All) SSWerwolf: orange is very good he can download a program
(22:15 / All) stick-of_truth: he dropped himself
(22:19 / All) Palingenesis: LOL
(22:29 / All) stick-of_truth: right when i used volcanoe too
(22:34 / Allies) Surg3on: purp build shop pls
(22:42 / All) Palingenesis: red uproots his tree
(22:44 / All) Palingenesis: makes it heavy armour
(22:48 / All) Palingenesis: and get instakilled to magic damage
(22:49 / All) Palingenesis: amazing
(22:58 / Allies) Surg3on: purp buid shop pls
(23:00 / All) maggotkoke: your such a faggo
(23:08 / All) Palingenesis: you're shit, shut up shit
(23:15 / All) Palingenesis: speak if spoken to
(23:18 / All) Palingenesis: don't talk to your superiors like that
(23:26 / All) maggotkoke: fuck off you suck
(23:35 / All) Palingenesis: I raped you easy
(23:42 / All) maggotkoke: yeaa....
(23:44 / All) Palingenesis: if i suck then what the fuck are you?
(23:46 / All) stick-of_truth: stay so i can use another volcanoe
(24:34 / Allies) Palingenesis: you aren't getting a shop
(25:18 / All) SSWerwolf: lol
(25:24 / Allies) Surg3on: wtf
(25:36 / All) maggotkoke: yea purps a peice of shit
(25:46 / All) Palingenesis: pink is going to have to perform corrective anal surgery for the assbleeding after this game
(26:06 / Allies) Surg3on: such a loser
(26:15 / Allies) Palingenesis: the only one of us losing here is you
(26:23 / All) maggotkoke: and you idiot
(26:27 / Allies) Surg3on: nah u
(26:29 / All) Palingenesis: I'm 0-0 I don't care
(27:29 / All) Palingenesis: lol
(27:31 / All) Palingenesis: they dropped like flies
(27:32 / All) SSWerwolf: lawls
(27:49 / All) SSWerwolf: your team had 3 legit but teal is a pussy
(27:53 / All) Palingenesis: Which team gets the loss?
(27:56 / All) Palingenesis: You had a drophacker too
(28:03 / All) SSWerwolf: he's 0-0 drophacker tho
(28:09 / All) SSWerwolf: but I think teal should get lost
(28:10 / All) Palingenesis: True but still a drophacker
(28:13 / All) SSWerwolf: wait
(28:19 / All) SSWerwolf: don't we hate surgeon
(28:26 / All) Palingenesis: Not sure
(28:34 / All) Palingenesis: I disliked red, he didn't even do much to piss me off either
(28:34 / All) SSWerwolf: Pretty sure he was on "the list" at some point
(28:36 / All) stick-of_truth: hate is stronggggg
(28:47 / All) Palingenesis: Surgeon gets loss then or teal?
(28:49 / All) Palingenesis: k